 Dungeon Crawl Stone Soup version 0.21.0 (webtiles) character file.

94155 Miyamura the Fighter (level 15, -6/152 HPs)
             Began as a Troll Assassin on Jan 6, 2018.
             Was the Champion of Okawaru.
             Mangled by a rakshasa
             ... wielding a +0 trident
              (24 damage)
             ... on level 12 of the Dungeon.
             The game lasted 01:04:41 (18150 turns).

Miyamura the Fighter (Troll Assassin)              Turns: 18150, Time: 01:04:41

Health: -6/152     AC: 13    Str: 24    XL:     15   Next: 62%
Magic:  16/16      EV: 13    Int: 10    God:    Okawaru [******]
Gold:   839        SH:  0    Dex: 10    Spells: 12/14 levels left

rFire    + + .     SeeInvis +   N - +2 battleaxe (flame)
rCold    + + +     Gourm    +   (shield currently unavailable)
rNeg     . . .     Faith    .   K - +1 troll leather armour
rPois    .         Spirit   .   L - +1 hat {SInv}
rElec    .         Reflect  .   U - +0 cloak of the Guild-Master {*Drain rF++ rC+++ Dex-2}
rCorr    .         Harm     +   (gloves unavailable)
MR       ++...                  (boots unavailable)
Stlth    +.........             M - amulet of harm
HPRegen  1.15/turn              h - ring of protection from magic
MPRegen  0.15/turn              a - +3 ring of protection

@: berserk cooldown, hasted and slowed, studying Shields, drained
A: large, unfitting armour, claws 3, fast metabolism 3, gourmand, regeneration
1, shaggy fur 1, tough skin 2
a: Heroism, Finesse, Renounce Religion


You were on level 12 of the Dungeon.
You worshipped Okawaru.
Okawaru was exalted by your worship.
You were very full.

You visited 3 branches of the dungeon, and saw 19 of its levels.
You also visited: Labyrinth and Volcano.

You collected 1133 gold pieces.
You spent 294 gold pieces at shops.

Inventory:

Hand Weapons
 b - a +0 blowgun
 q - the +4 giant spiked club of Jawuodd {crush, Dex+3}
   (Okawaru gifted it to you on level 4 of the Lair of Beasts)

   It inflicts extra damage upon your enemies.
   It affects your dexterity (+3).
 s - the +7 arbalest "Xuviext" {penet, Int+6}
   (You bought it in a shop on level 11 of the Dungeon)

   Ammo fired by it will pass through the targets it hits, potentially hitting
   all targets in its path until it reaches maximum range.
   It affects your intelligence (+6).
 z - the +6 rapier "Felitwun" {freeze, Str+6 Stlth+}
   (You found it on level 6 of the Dungeon)

   It has been specially enchanted to freeze those struck by it, causing extra
   injury to most foes and up to half again as much damage against particularly
   susceptible opponents.
   It can also slow down cold-blooded creatures.
   It affects your strength (+6).
   It makes you more stealthy.
 N - a +2 battleaxe of flaming (weapon)
Missiles
 e - 82 poisoned needles
 f - 9 curare-tipped needles
 A - 5 javelins of penetration (quivered)
Armour
 G - a +2 cloak of magic resistance
 K - a +1 troll leather armour (worn)
 L - a +1 hat of see invisible (worn)
 P - a +1 cloak of fire resistance
 U - the +0 cloak of the Guild-Master (worn) {*Drain rF++ rC+++ Dex-2}
   (You found it on level 3 of the Lair of Beasts)

   It affects your dexterity (-2).
   It greatly protects you from fire.
   It renders you almost immune to cold.
   It causes draining when unequipped.
 W - the cursed +0 cloak "Loluggaci" {*Corrode rC+++ rN++ Str-2}
   (You found it on level 3 of the Lair of Beasts)

   It affects your strength (-2).
   It renders you almost immune to cold.
   It greatly protects you from negative energy.
   It may corrode you when you take damage.
   It has a curse placed upon it.
 X - a +2 cloak of poison resistance
Jewellery
 a - a +3 ring of protection (right claw)
 c - an uncursed ring of positive energy
 h - a ring of protection from magic (left claw)
 t - an uncursed ring of fire
 u - an uncursed ring of see invisible
 I - an uncursed amulet of regeneration
 M - an amulet of harm (around neck)
Wands
 j - a wand of flame (103)
 k - a wand of digging (18)
 n - a wand of acid (21)
 w - a wand of paralysis (12)
 B - a wand of disintegration (27)
 D - a wand of iceblast (7)
Scrolls
 o - 3 scrolls of remove curse
 y - 3 scrolls of amnesia
 F - a scroll of fog
 J - a scroll of random uselessness {unknown}
 S - a scroll of magic mapping
Potions
 d - 3 potions of might
 i - a potion of resistance
 r - 3 potions of flight
 v - 2 potions of cancellation
 x - 3 potions of mutation
 C - 4 potions of lignification
 Q - a potion of invisibility
Books
 E - a book of the Tempests

   Spells                             Type                      Level
   a - Static Discharge               Conjuration/Air              3
   b - Lightning Bolt                 Conjuration/Air              5
   c - Ignition                       Fire                         8
   d - Tornado                        Air                          9
   e - Shatter                        Earth                        9
 V - a manual of Shields
 Y - a book of Flames

   Spells                             Type                      Level
   a - Flame Tongue                   Conjuration/Fire             1
   b - Throw Flame                    Conjuration/Fire             2
   c - Conjure Flame                  Conjuration/Fire             3
   d - Inner Flame                    Hexes/Fire                   3
   e - Sticky Flame                   Conjuration/Fire             4
   f - Fireball                       Conjuration/Fire             5
Comestibles
 g - 27 rations
 O - 5 chunks of flesh


   Skills:
 - Level 10.9(10.6) Fighting
 - Level 10.2(10.0) Short Blades
 - Level 4.8(6.6) Axes
 - Level 8.2(8.7) Maces & Flails
 + Level 2.3(2.0) Crossbows
 - Level 10.5(10.2) Throwing
 - Level 9.5(9.2) Dodging
 - Level 2.1(1.9) Stealth
 - Level 5.3(5.1) Unarmed Combat
 + Level 3.1(2.9) Invocations
 - Level 3.0(2.8) Evocations


You had 12 spell levels left.
You knew the following spells:

 Your Spells              Type           Power        Failure   Level  Hunger
s - Swiftness             Chrm/Air       #.......     54%         2    ###....


Dungeon Overview and Level Annotations

Branches:
Dungeon (12/15)            Temple (1/1) D:6            Lair (6/6) D:10
 Shoals (0/4) Lair:2        Snake (0/4) Lair:3          Orc (0/2) D:11
  Slime: Lair:5-6

Altars:
Ashenzari
Cheibriados
Dithmenos
Elyvilon
Fedhas
Gozag
Hepliaklqana
Kikubaaqudgha
Makhleb
Nemelex Xobeh
Okawaru
Qazlal
Ru
Sif Muna
Trog
Uskayaw
Vehumet
Wu Jian
Xom
Yredelemnul
Zin
The Shining One

Shops:
D:11 (

Annotations:
D:12 2 runed doors
Lair:6 exclusion: hydra


Innate Abilities, Weirdness & Mutations

You are too large for most types of armour.
You have claws for hands.
Your metabolism is lightning-fast.
You like to eat raw meat.
Your natural rate of healing is unusually fast.
You are covered in fur. (AC +1)
You have very tough skin. (AC +2)


Message History

* * * LOW HITPOINT WARNING * * *
The manticore claws you!
* * * LOW HITPOINT WARNING * * *
The manticore closely misses you.
The rakshasa hits you from afar with a trident!
* * * LOW HITPOINT WARNING * * *
The manticore misses you.
The manticore claws you but does no damage. x2
You slash the manticore! You burn the manticore.
You kill the manticore!
The manticore's corpse shimmers and vanishes!
The rakshasa blinks!
You feel better.
The rakshasa hits you from afar with a trident.
* * * LOW HITPOINT WARNING * * *
Okay, then.
Unknown command.
You feel yourself speed up.
The rakshasa hits you from afar with a trident!!
You die...

# #### .
.####### ...#
... ......#
...+
....8####8...#
...#
+/.@$R...#
...#
....8#..#8...#
...# ..#
#++####.# ...#
#.# #'## #.#
#..# #%#
##'#### #.##
......# .
##..# ..<...#
..########...#


You could see a rakshasa.

Vanquished Creatures
  Gastronok (Lair:3)
  Kirke (Lair:4)
  Josephine (Lair:5)
  A minotaur (Lab)
  Fannar (Lair:2)
  4 hydras
  3 two-headed ogres
  15 death yaks
  The ghost of skk the Slasher, a novice DsFi of Okawaru (D:6)
  2 sea snakes (Lair:6)
  2 ugly things
  2 manticores (D:12)
  A cyclops (D:11)
  A moth of wrath (shapeshifter) (D:12)
  A toenail golem (Volcano)
  15 elephants
  4 black mambas
  Joseph (D:7)
  2 molten gargoyles (Volcano)
  4 centaur skeletons
  9 spiny frogs
  3 rime drakes
  5 komodo dragons
  2 efreet (Volcano)
  3 trolls
  A hornet (D:12)
  Grinder (D:3)
  6 dream sheep (Lair:3)
  3 hippogriffs
  19 blink frogs
  2 redbacks (Lab)
  4 wyverns
  4 wraiths
  A shadow (D:12)
  Sigmund (D:4)
  6 fire elementals (Volcano)
  2 basilisks (Lair:4)
  30 yaks
  Eustachio (D:4)
  5 hogs (Lair:4)
  Menkaure (D:7)
  7 hungry ghosts
  3 vampire mosquitoes (D:12)
  5 water moccasins
  8 porcupines
  4 orc warriors
  6 ice beasts
  An eye of draining (D:12)
  3 black bears
  5 sky beasts
  8 phantoms
  4 necrophages
  12 ogres
  8 wolves (Lair:2)
  12 centaurs
  12 crocodiles
  A big kobold (D:12)
  Blork the orc (D:4)
  22 bullfrogs
  2 wyvern zombies
  3 earth elementals (Volcano)
  A wyvern skeleton (D:8)
  5 scorpions
  2 troll zombies (D:11)
  9 wights
  13 howler monkeys
  5 electric eels
  8 crimson imps
  2 quasits
  2 bullfrog zombies
  5 centaur zombies
  2 jellies
  12 orc priests
  6 hounds
  2 bullfrog skeletons
  Jessica (D:2)
  Ijyb (D:3)
  A hell rat (D:10)
  4 iguanas
  9 orc wizards
  10 worker ants
  6 ogre zombies (D:11)
  2 hound zombies
  2 mummies (D:7)
  Robin (D:4)
  3 worker ant zombies
  6 gnolls
  12 adders
  3 river rats (D:10)
  4 shadow imps
  An ooze (D:6)
  An adder zombie (D:7)
  2 adder skeletons
  5 worms
  A dart slug (D:2)
  3 leopard geckos
  35 orcs
  2 ball pythons
  5 giant cockroaches
  12 hobgoblins
  8 jackals
  8 kobolds
  5 quokkas
  4 bats
  9 frilled lizards
  16 goblins
  A goblin skeleton (D:11)
  5 goblin zombies (D:11)
  A hobgoblin skeleton (D:11)
  4 hobgoblin zombies (D:11)
  2 orc skeletons (D:11)
  12 orc zombies (D:11)
  10 rats
590 creatures vanquished.

Vanquished Creatures (others)
  2 humans (Lair:5)
  18 fungi
  13 plants
33 creatures vanquished.

Grand Total: 623 creatures vanquished

Notes
Turn   | Place    | Note
-------+----------+-------------------------------------------
     0 | D:1      | Miyamura the Troll Assassin began the quest for the Orb.
     0 | D:1      | Reached XP level 1. HP: 19/19 MP: 0/0
   173 | D:1      | Reached skill level 1 in Dodging
   247 | D:1      | Reached XP level 2. HP: 28/28 MP: 1/1
   280 | D:1      | Reached skill level 1 in Unarmed Combat
   673 | D:2      | Reached XP level 3. HP: 35/35 MP: 2/2
   977 | D:2      | Reached skill level 1 in Maces & Flails
   977 | D:2      | Reached XP level 4. HP: 42/42 MP: 3/3
  1175 | D:2      | Found an opulent altar of Gozag.
  1175 | D:2      | Found an iron altar of Okawaru.
  1178 | D:2      | Found a white marble altar of Elyvilon.
  1284 | D:2      | Found a stormy altar of Qazlal.
  1396 | D:2      | Found a bloodstained altar of Trog.
  1695 | D:3      | Reached XP level 5. HP: 20/50 MP: 4/4
  1867 | D:3      | Noticed Grinder
  1895 | D:3      | Killed Grinder
  1895 | D:3      | Reached XP level 6. HP: 59/59 MP: 5/5
  2036 | D:3      | Found a shattered altar of Ashenzari.
  2036 | D:3      | Found a snail-covered altar of Cheibriados.
  2118 | D:2      | Became a worshipper of Warmaster Okawaru
  2130 | D:3      | Noticed Jessica
  2137 | D:3      | Noticed Ijyb
  2142 | D:2      | Killed Jessica
  2162 | D:3      | Killed Ijyb
  2414 | D:4      | Reached XP level 7. HP: 61/67 MP: 6/6
  2451 | D:4      | Noticed Blork the orc
  2483 | D:4      | Killed Blork the orc
  2483 | D:4      | Reached * piety under Okawaru
  2491 | D:4      | Noticed Robin
  2503 | D:4      | Killed Robin
  2795 | D:4      | Noticed Sigmund
  2806 | D:4      | Killed Sigmund
  3015 | D:4      | Reached XP level 8. HP: 78/78 MP: 7/7
  3075 | D:4      | Reached ** piety under Okawaru
  3082 | D:4      | Noticed Eustachio
  3181 | D:4      | Killed Eustachio
  3602 | D:5      | Entered Level 5 of the Dungeon
  3880 | D:5      | Reached skill level 5 in Unarmed Combat
  3971 | D:5      | Reached skill level 5 in Throwing
  4218 | D:5      | Reached *** piety under Okawaru
  4218 | D:5      | Reached XP level 9. HP: 78/85 MP: 8/8
  4495 | D:6      | Got a bloodstained rapier
  4534 | D:6      | Identified the +6 rapier "Felitwun" {freeze, Str+6 Stlth+} (You found it on level 6 of the Dungeon)
  4700 | D:6      | Found a staircase to the Ecumenical Temple.
  4754 | D:6      | Noticed skk's ghost (novice DsFi)
  4828 | D:6      | Killed skk's ghost
  4828 | D:6      | Reached **** piety under Okawaru
  4828 | D:6      | Reached skill level 5 in Fighting
  5003 | D:6      | Found a basalt altar of Yredelemnul.
  5004 | D:6      | Found a hazy altar of Hepliaklqana.
  5133 | D:6      | Reached skill level 5 in Dodging
  5195 | Temple   | Entered the Ecumenical Temple
  5602 | D:7      | Noticed Joseph
  5609 | D:7      | Killed Joseph
  5609 | D:7      | Received a gift from Okawaru
  5683 | D:7      | Found a glowing golden altar of the Shining One.
  5717 | D:7      | Reached XP level 10. HP: 88/95 MP: 9/9
  6120 | D:7      | Noticed Menkaure
  6126 | D:7      | Killed Menkaure
  6402 | D:8      | Found a sacrificial altar of Ru.
  6434 | D:8      | Reached skill level 5 in Short Blades
  6707 | D:8      | Found an ornate altar of the Wu Jian Council.
  6967 | D:8      | Reached ***** piety under Okawaru
  7318 | D:9      | Noticed a two-headed ogre
  7324 | D:9      | Killed a two-headed ogre
  7324 | D:9      | Received a gift from Okawaru
  8022 | D:9      | Reached XP level 11. HP: 106/106 MP: 10/10
  8155 | D:10     | Entered Level 10 of the Dungeon
  8305 | D:10     | Noticed a two-headed ogre
  8630 | D:10     | Noticed a death yak
  8634 | D:10     | Noticed a death yak
  8834 | D:10     | Killed a two-headed ogre
  8915 | D:10     | Found a staircase to the Lair.
  8935 | D:10     | Noticed a death yak
  8940 | D:10     | Killed a death yak
  8947 | D:10     | Killed a death yak
  8978 | D:10     | Killed a death yak
  9103 | Lair:1   | Entered Level 1 of the Lair of Beasts
  9158 | Lair:1   | Received a gift from Okawaru
  9379 | Lair:1   | Noticed a four-headed hydra
  9387 | Lair:1   | Killed a four-headed hydra
  9428 | Lair:1   | Received a gift from Okawaru
  9431 | Lair:1   | Got a bone arbalest {god gift}
  9432 | Lair:1   | Identified the +2 arbalest "Dikleff" {velocity, Fragile Str+7 Dex+4 SInv} (Okawaru gifted it to you on level 1 of the Lair of Beasts)
 10598 | Lair:2   | Reached XP level 12. HP: 116/117 MP: 11/11
 10619 | Lair:2   | Found a dark tunnel.
 10630 | Volcano  | Entered a volcano
 10680 | Volcano  | Reached skill level 5 in Maces & Flails
 10987 | Volcano  | Received a gift from Okawaru
 11150 | Lair:2   | Noticed a four-headed hydra
 11159 | Lair:2   | Killed a four-headed hydra
 11516 | Lair:2   | Found a staircase to the Shoals.
 11679 | Lair:2   | Noticed Fannar
 11717 | Lair:2   | Killed Fannar
 12071 | Lair:3   | Received a gift from Okawaru
 12126 | Lair:3   | Noticed a four-headed hydra
 12138 | Lair:3   | Killed a four-headed hydra
 12289 | Lair:3   | Noticed Gastronok
 12315 | Lair:3   | Killed Gastronok
 12447 | Lair:3   | Found a staircase to the Snake Pit.
 12483 | Lair:3   | Got an ancient cloak
 12488 | Lair:3   | Got a jewelled cloak
 12504 | Lair:3   | Identified the +0 cloak of the Guild-Master {*Drain rF++ rC+++ Dex-2} (You found it on level 3 of the Lair of Beasts)
 12555 | Lair:2   | Reached ****** piety under Okawaru
 12555 | Lair:2   | Received a gift from Okawaru
 12655 | Lair:3   | Reached XP level 13. HP: 103/127 MP: 12/12
 13261 | Lair:4   | Learned a level 2 spell: Swiftness
 13727 | Lair:4   | Received a gift from Okawaru
 13732 | Lair:4   | Got a jewelled giant spiked club {god gift}
 13737 | Lair:4   | Identified the +4 giant spiked club of Jawuodd {crush, Dex+3} (Okawaru gifted it to you on level 4 of the Lair of Beasts)
 14009 | Lair:5   | Noticed Kirke
 14132 | Lair:5   | Noticed Josephine
 14392 | Lair:4   | Killed Kirke
 14392 | Lair:4   | Reached skill level 10 in Throwing
 14465 | Lair:5   | Killed Josephine
 14730 | Lair:5   | Received a gift from Okawaru
 14739 | Lair:5   | Reached skill level 10 in Short Blades
 15533 | Lair:6   | Entered Level 6 of the Lair of Beasts
 15633 | Lair:6   | Reached XP level 14. HP: 140/140 MP: 13/13
 15928 | Lair:6   | Found a labyrinth entrance.
 15938 | Lab      | Entered a labyrinth
 16249 | Lab      | Reached skill level 1 in Evocations
 16358 | Lab      | Identified the cursed +0 cloak "Loluggaci" {*Corrode rC+++ rN++ Str-2} (You found it on level 3 of the Lair of Beasts)
 16503 | Lair:6   | Reached skill level 1 in Axes
 16508 | Lair:6   | Reached skill level 10 in Fighting
 16508 | Lair:6   | Reached XP level 15. HP: 92/152 MP: 14/16
 16517 | Lair:6   | Received a gift from Okawaru
 16526 | Lair:6   | HP: 6/152 [death yak (7)]
 17121 | D:11     | Found Pimoetut's Antique Weapon Emporium.
 17131 | D:11     | Bought an encrusted arbalest for 294 gold pieces
 17131 | D:11     | Identified the +7 arbalest "Xuviext" {penet, Int+6} (You bought it in a shop on level 11 of the Dungeon)
 17146 | D:11     | Found a staircase to the Orcish Mines.
 17216 | D:11     | Reached skill level 1 in Invocations
 17604 | D:12     | Reached skill level 1 in Crossbows
 18137 | D:12     | Found a large runed door.
 18140 | D:12     | Found a large runed door.
 18147 | D:12     | HP: 7/151 [rakshasa/trident (19)]
 18150 | D:12     | Mangled by a rakshasa

Skill      XL: |  1  2  3  4  5  6  7  8  9 10 11 12 13 14 15 |
---------------+----------------------------------------------+-----
Dodging        | 1 2 3 4 5 6 7 8 9 |  9.5
Unarmed Combat | 1 2 3 4 5 |  5.3
Throwing       | 2 3 4 5 6 7 8 9 10 | 10.5
Fighting       | 2 3 4 5 6 7 8 9 10 | 10.9
Maces & Flails | 1 2 3 4 6 8 |  8.2
Short Blades   | 4 6 8 9 10 | 10.2
Evocations     | 3 |  3.0
Axes           | 1 4 |  4.8
Invocations    | 3 |  3.1
Crossbows      | 2 |  2.3
Stealth        | |  2.1

Action                   |  1- 3 |  4- 6 |  7- 9 | 10-12 | 13-15 || total
-------------------------+-------+-------+-------+-------+-------++-------
Melee: Unarmed           |   100 |   195 |   276 |       |    22 ||   593
       Punch             |       |     2 |     9 |    31 |    21 ||    63
       Rapier            |       |       |    70 |   785 |   542 ||  1397
       Whip              |       |       |    19 |    31 |       ||    50
       Great sword       |       |       |       |     6 |       ||     6
       Giant spiked club |       |       |       |       |    34 ||    34
       Battleaxe         |       |       |       |       |   324 ||   324
 Fire: Blowgun           |       |       |     2 |       |       ||     2
       Arbalest          |       |       |       |     2 |       ||     2
Throw: Javelin           |       |       |       |     7 |       ||     7
Invok: Heroism           |       |       |       |     4 |    11 ||    15
       Finesse           |       |       |       |       |     2 ||     2
Evoke: Wand              |       |       |       |       |     9 ||     9
  Use: Scroll            |       |     5 |    12 |     9 |     9 ||    35
       Potion            |       |     4 |     5 |     3 |    13 ||    25
 Stab: Sleeping          |     7 |     2 |     4 |    19 |     2 ||    34
       Distracted        |       |       |       |     1 |       ||     1
       Paralysed         |       |       |       |       |     1 ||     1
  Eat: Chunk             |    14 |    14 |    30 |    78 |    58 ||   194
       Ration            |       |       |       |       |     3 ||     3
Armor: Robe              |    33 |    93 |   175 |   102 |       ||   403
       Skin              |       |       |       |     3 |       ||     3
       Troll leather arm |       |       |       |   168 |   359 ||   527
Dodge: Dodged            |    39 |   103 |   228 |   438 |   582 ||  1390
       Rpst.: Great sword |       |       |       |     3 |       ||     3
